 Dungeon Crawl Stone Soup version 0.30-a0-782-ge64f9170bb (webtiles) character file.

Game seed: 7756087844816060980

125 2tousent the Sneak (level 4, 0/24 HPs)
             Began as a Vampire Enchanter on Feb 19, 2023.
             Slain by a jackal (1 damage)
             ... on level 4 of the Dungeon.
             The game lasted 00:05:53 (3123 turns).

2tousent the Sneak (Vampire Enchanter)              Turns: 3123, Time: 00:05:54

Health: 0/24       AC:  2    Str:  7    XL:     4   Next: 82%
Magic:  7/7        EV: 13    Int: 17    God:
Gold:   50         SH:  0    Dex: 16    Spells: 2/7 levels left

rFire   . . .      SeeInvis +    a - +1 dagger
rCold   + + .      Faith    .    (no shield)
rNeg    + + +      Spirit   .    b - +0 robe
rPois   ∞          Reflect  .    (no helmet)
rElec   .          Harm     .    (no cloak)
rCorr   .          Rampage  .    (no gloves)
Will    .....                    (no boots)
Stlth   +++++                    (no amulet)
HPRegen 0.00/turn                (no ring)
MPRegen 0.10/turn                (no ring)

@: bloodless, inhibited regen
A: bloodless, fangs 3, see invisible, vampiric 2
a: Bat Form, Revivify


You were on level 4 of the Dungeon.
You visited 1 branch of the dungeon, and saw 4 of its levels.

You collected 76 gold pieces.
You spent 26 gold pieces at shops.

Inventory:

Hand Weapons
 a - a +1 dagger (weapon)
 e - a +0 short sword
Armour
 b - a +0 robe (worn)
Jewellery
 f - a +6 ring of intelligence
Scrolls
 h - a scroll of poison {unknown}
 j - a scroll of teleportation {unknown}
 k - a scroll of identify
 l - a scroll of amnesia {unknown}
 n - a scroll of enchant armour {unknown}
Potions
 c - 3 potions of invisibility
 d - a potion of flight
 g - a potion of mutation {unknown}
 i - a potion of curing {unknown}
 m - a potion of degeneration {unknown}


   Skills:
 + Level 1.8 Short Blades
 * Level 3.1 Dodging
 * Level 5.8 Stealth
 * Level 2.4 Spellcasting
 * Level 5.3 Hexes
 * Level 1.3 Ice Magic


You had 2 spell levels left.
You knew the following spells:

 Your Spells              Type           Power      Damage    Failure   Level
a - Ensorcelled Hibernat  Hex/Ice        26%        N/A       7%          2
b - Confusing Touch       Hex            20%        N/A       6%          3

Your spell library contained the following spells:

 Spells                   Type           Power      Damage    Failure   Level
 Tukima's Dance           Hex            20%        N/A       6%          3
 Dazzling Flash           Conj/Hex       22%        N/A       19%         3


Dungeon Overview and Level Annotations

Branches:
Dungeon (4/15)
 Temple: D:4-7

Altars:

Shops:
D:2 ?


Innate Abilities, Weirdness & Mutations

You do not regenerate when monsters are visible.
You are frail without blood (-20% HP).
You can heal yourself when you bite living creatures.
You are immune to poison.
You have razor-sharp teeth.
You have supernaturally acute eyesight. (SInv)
You are afflicted with vampirism and can become a bat while bloodless.


Message History

The jackal is heavily wounded.
The jackal closely misses you.
An orc comes into view. It is wielding a +0 whip.
The jackal bites you.
* * * LOW HITPOINT WARNING * * *
The jackal attacks as you move away! The jackal misses you.
The jackal attacks as you move away! The jackal closely misses you.
The jackal bites you but does no damage.
You see here an adder corpse.
You closely miss the jackal.
The jackal is heavily wounded.
The jackal bites you but does no damage.
You hit the jackal.
The jackal is almost dead.
The jackal closely misses you.
You closely miss the jackal.
The jackal is almost dead.
The jackal bites you but does no damage. x2
You hit the jackal.
You kill the jackal!
The jackal completely misses you.
You hit the jackal. Your bite misses the jackal.
The jackal is moderately wounded.
The jackal closely misses you. The quokka closely misses you.
The jackal barely misses you.
You hit the jackal.
The jackal is heavily wounded.
The quokka bites you.
* * * LOW HITPOINT WARNING * * *
The jackal bites you but does no damage.
You miss the jackal. You bite the jackal, but do no damage.
The jackal is heavily wounded.
The quokka barely misses you. The jackal barely misses you.
The quokka bites you but does no damage.
You barely miss the jackal. Your bite misses the jackal.
The jackal is heavily wounded.
The jackal bites you.
* * * LOW HITPOINT WARNING * * *
The jackal bites you.
You die...

......o......#...
.............#..##
............#
...##
...........###....
...o..$....##...
..........###.###
.?....###.r.....#
.o...=##....#rh.#
..........###@..#
..#......###..###
. #.....###...#
.......####...#
..###...>.....# .
##........#
#.....##..##
...........## ..
..#......<..#


You could see a quokka and a jackal.

Vanquished Creatures
  An orc wizard (D:3)
  3 adders
  A shadow imp (D:4)
  3 dart slugs
  5 orcs
  2 bats
  5 endoplasms
  3 giant cockroaches
  2 goblins
  3 hobgoblins
  A jackal (D:4)
  5 quokkas
  4 ball pythons
  4 frilled lizards
  10 kobolds
  4 rats
56 creatures vanquished.

Notes
Turn   | Place    | Note
-------+----------+-------------------------------------------
     0 | D:1      | 2tousent the Vampire Enchanter began the quest for the Orb.
     0 | D:1      | Reached XP level 1. HP: 13/13 MP: 3/3
   101 | D:1      | Reached XP level 2. HP: 15/15 MP: 5/5
   241 | D:1      | Reached skill level 5 in Stealth
   444 | D:1      | Learned a level 2 spell: Ensorcelled Hibernation
  1336 | D:2      | Gained mutation: You are afflicted with vampirism and can
                  | become a bat while bloodless. [Vampire growth]
  1336 | D:2      | Reached XP level 3. HP: 13/19 MP: 6/6
  1758 | D:2      | Found Owoeh's Magic Scroll Emporium.
  1768 | D:2      | Bought a scroll of identify for 26 gold pieces
  1932 | D:2      | Reached skill level 5 in Hexes
  2161 | D:3      | Reached XP level 4. HP: 24/24 MP: 2/7
  2359 | D:3      | Reached skill level 1 in Ice Magic
  2937 | D:4      | Learned a level 3 spell: Confusing Touch
  3123 | D:4      | HP: 1/24 [jackal (3)]
  3123 | D:4      | Slain by a jackal

Illustrated notes

Levels and vault maps discovered:
D:1:      elethiomel_arrival_quiet, layout_basic
D:2:      layout_basic, serial_shops, shop, chequers_serial_rivers_micro_d,
          minmay_misc_feat_cross
D:3:      layout_loops_cross
D:4:      layout_cave_pools, lemuel_mausoleum_altar_yredelemnul,
          minmay_temple_entry_gardened_gates, dk_vineyard_1, minmay_misc_feat_x

Skill      XL: |  1  2  3  4 |
---------------+-------------+-----
Stealth        | 5 |  5.8
Hexes          | 5 |  5.3
Dodging        | 3 |  3.1
Ice Magic      | 1 |  1.3
Short Blades   | |  1.8
Spellcasting   | |  2.4

Action                     |  1- 3 |  4- 6 || total
---------------------------+-------+-------++-------
  Melee: Dagger            |    60 |    82 ||   142
         Bite              |     5 |    10 ||    15
   Cast: Ensorcelled Hiber |     4 |     1 ||     5
Ability: Exsanguinate      |     1 |       ||     1
    Use: Scroll            |     3 |       ||     3
   Stab: Sleeping          |    23 |     8 ||    31
 Armour: Robe              |     3 |    10 ||    13
  Dodge: Dodged            |    23 |    50 ||    73

Table legend: (Time is in decaauts)
 A = Elapsed time spent in this place.
 B = Non-inter-level travel time spent in this place.
 C = Inter-level travel time spent in this place.
 D = Time resting spent in this place.
 E = Time spent auto-exploring this place.
 F = Levels seen in this place.
 G = Mean time per level.
                   A        B        C        D        E       F      G
               +--------+--------+--------+--------+--------+-----+--------+
         Total |   3112 |   2900 |    212 |      3 |   2441 |   4 |  778.0 |
       Dungeon |   3112 |   2900 |    212 |      3 |   2441 |   4 |  778.0 |
               +--------+--------+--------+--------+--------+-----+--------+

Top non-repeatable levels by time:
     D:2: 1096 daAuts
     D:1: 1096 daAuts
     D:3: 768 daAuts
     D:4: 151 daAuts
